Map: Coda LE (Void)

Players

Dragarius

  • Race: Zerg Zerg
  • League: Grandmaster

Javert - Winner!

  • Race: Zerg Zerg
  • League: Grandmaster

VOD

Have the link to the VOD?

Description

Time

  • Played on: June 29, 2015, 10:03 p.m.
  • Length: 4:39
Show
View Real Time Build Order
Export as new Build Order

Dragarius Zerg 

Build Orders: Pool First 

Get SALT Encoding   

  12  0:01  Drone  
  13  0:12  Overlord  
  13  0:25  Drone  
  14  0:30  Drone x2  
  16  0:37  Drone  
  17  0:47  Spawning Pool  
  17  0:50  Drone  
  17  0:59  Drone  
  18  1:07  Extractor  
  18  1:09  Drone  
  18  1:19  Drone  
  19  1:29  Hatchery  
  18  1:35  Queen  
  20  1:45  Drone  
  21  1:47  Overlord  
  21  2:11  Drone x2  
  21  2:12  Queen  
  25  2:17  Zergling x2  
  25  2:21  Metabolic Boost  
  26  2:30  Baneling Nest  
  26  2:35  Drone x2  
  27  2:40  Extractor  
  26  2:45  Queen  
  28  3:03  Drone  
  28  3:04  Drone x3  
  28  3:05  Drone x2  
  34  3:07  Drone  
  35  3:24  Overlord  
  35  3:30  Pneumatized Carapace  
  35  3:34  Drone  
  36  3:41  Evolution Chamber  
  36  3:42  Evolution Chamber, Drone  
  35  3:48  Zergling x2  
  35  3:49  Zergling x4  
  35  3:51  Baneling  
  35  3:52  Baneling  
  34  3:56  Zergling x2  
  34  3:57  Zergling x2  
Show
View Real Time Build Order
Export as new Build Order

Javert Zerg - Winner!

Build Orders: Hatch First 

Get SALT Encoding   

  12  0:01  Drone  
  13  0:13  Overlord  
  13  0:22  Drone  
  14  0:32  Drone x2  
  16  0:52  Hatchery  
  16  0:53  Drone  
  16  1:01  Extractor  
  16  1:03  Drone  
  16  1:04  Drone  
  17  1:20  Spawning Pool  
  17  1:21  Drone  
  17  1:25  Drone  
  18  1:33  Drone  
  19  1:42  Drone  
  20  1:57  Overlord  
  20  2:04  Drone  
  20  2:06  Queen  
  20  2:07  Queen  
  25  2:12  Metabolic Boost  
  25  2:23  Zergling x4  
  25  2:24  Zergling x2  
  25  2:25  Zergling x2  
  29  2:33  Zergling x2  
  30  2:47  Baneling Nest  
  29  2:54  Overlord  
  29  2:58  Zergling x6  
  29  2:59  Zergling x4  
  34  3:20  Overlord x2  
  34  3:30  Drone x2  
  36  3:40  Drone x7  
  43  3:43  Baneling x5  
  43  3:44  Baneling  
  42  4:05  Drone x4  
  42  4:06  Drone x4  
  44  4:23  Drone x3  
Tags
 
Add a new tag
Caveats
  • Supply blocks, unpowered buildings, or Contaminate may cause inaccurate times.
  • Supply counts are checked every 10 seconds.